Little Stars vs Crunch
Created - April 28, 2022 at 19:03
Goals
|
| Little Stars |
2 |
2 |
0 |
4 |
| Crunch |
1 |
1 |
4 |
6 |
|
Shots
|
| Little Stars |
11 |
14 |
11 |
36 |
| Crunch |
8 |
9 |
18 |
35 |
|
1st period
1. Crunch , Christoffer Ehn 11 (Jordan Oesterle 24, Brock Boeser 46) at 5:37 (PP)
2. Little Stars , Daniel O'regan 23 (Ilya Mikheyev 36, Jordan LaVallee 43) at 9:12
3. Little Stars , Joakim Nygard 16 (Sebastian Wannstrom 22, Frederic Allard 3) at 19:51
Penalties :
Tucker Poolman (Tex) for Holding Stick (Minor) at 5:15, Sebastian Wannstrom (Tex) for Holding (Minor) at 14:38
2nd period
4. Crunch , Noah Hanifin 7 (Dalton Smith 11, Jayson Megna 16) at 2:37
5. Little Stars , Daniel O'regan 24 (Jordan LaVallee 44, Ilya Mikheyev 37) at 9:58
6. Little Stars , Daniel O'regan 25 (Jordan LaVallee 45, Tyler Wotherspoon 24) at 11:52 (PP)
Penalties :
Jordan Oesterle (Syr) for Goalie Interference (Minor) at 3:08, Dylan Strome (Syr) for Holding (Minor) at 11:46, Michael Ferland (Syr) for Holding (Minor) at 17:43
3rd period
7. Crunch , Jared Staal 6 (Jayson Megna 17, Teemu Hartikainen 33) at 4:43
8. Crunch , Dalton Smith 11 (Jeremy Lauzon 10, Brock Boeser 47) at 6:33
9. Crunch , Teemu Hartikainen 35 (Brock Boeser 48, Jordan Oesterle 25) at 8:56 (SH)
10. Crunch , Jayson Megna 11 (Dalton Smith 12) at 12:55
Penalties :
Ilya Mikheyev (Tex) for Slashing (Minor) at 6:55, Michael Ferland (Syr) for Slashing (Minor) at 8:17
Goalie Stats
Dustin Tokarski (Tex), 29 saves from 35 shots - (0.829), L, 10-10-2, 60:00 minutes
Josef Korenar (Syr), 32 saves from 36 shots - (0.889), W, 9-10-2, 60:00 minutes
Players Stats for Little Stars
Player Name G A P +/- PIM S H SB GA TA FO MP PP MP PK MP
------------------------------------------------------------------------------------
Adam Tambellini 0 0 0 -2 0 2 0 0 1 0 0/0 13:20 0:00 0:59
Anton Cederholm 0 0 0 -2 0 6 2 0 0 0 0/0 25:01 3:21 1:53
Daniel O'regan 3 0 3 1 0 6 1 0 0 0 15/31 20:45 3:20 0:58
Daniil Tarasov 0 0 0 0 0 1 1 0 0 0 0/0 7:12 0:00 0:00
Emile Poirier 0 0 0 -1 0 0 0 0 0 0 0/0 1:08 0:02 0:00
Frederic Allard 0 1 1 1 0 1 1 2 0 0 0/0 11:35 0:00 0:22
Henrik Borgstrom 0 0 0 0 0 1 1 0 0 0 9/11 15:47 2:04 0:00
Ilya Mikheyev 0 2 2 0 2 4 1 1 0 1 2/5 21:16 3:22 1:26
Jason Dickinson 0 0 0 -2 0 0 0 2 0 0 4/6 12:21 0:00 0:00
Joakim Nygard 1 0 1 0 0 2 1 0 0 0 0/0 16:21 2:04 0:34
Jonathan Dahlen 0 0 0 0 0 0 0 0 0 0 0/0 0:00 0:00 0:00
Jordan LaVallee 0 3 3 0 0 0 1 1 3 1 3/8 22:52 3:22 2:24
Justin Auger 0 0 0 0 0 0 0 0 0 0 0/0 0:00 0:00 0:00
Lawrence Pilut 0 0 0 0 0 0 0 0 0 0 0/0 6:44 0:00 0:00
Matt Luff 0 0 0 0 0 0 0 0 0 0 0/0 1:34 0:00 1:05
Michael Mersch 0 0 0 0 0 2 0 0 0 0 0/0 7:12 0:00 0:00
Radel Fazleev 0 0 0 0 0 0 0 0 0 0 0/0 0:00 0:00 0:00
Reece Willcox 0 0 0 -1 0 1 1 0 0 0 0/0 19:01 2:05 1:50
Roman Horak 0 0 0 0 0 1 2 0 0 0 0/0 7:12 0:00 0:00
Sebastian Wannstrom 0 1 1 0 2 3 2 0 2 1 0/0 15:48 2:04 0:00
Shane Gersich 0 0 0 0 0 0 0 0 0 0 0/0 0:29 0:00 0:00
Tucker Poolman 0 0 0 -1 2 2 0 0 0 0 0/0 18:38 2:05 1:28
Tyler Wotherspoon 0 1 1 -3 0 3 0 0 1 1 0/0 27:40 3:21 1:53
Ville Pokka 0 0 0 2 0 0 1 0 0 1 0/0 11:20 0:00 0:00
Zach Budish 0 0 0 -2 0 1 1 0 1 0 0/0 12:21 0:00 0:00
Players Stats for Crunch
Player Name G A P +/- PIM S H SB GA TA FO MP PP MP PK MP
------------------------------------------------------------------------------------
Alex Killorn 0 0 0 0 0 0 0 0 0 0 0/0 0:46 0:00 0:46
Anatoli Golyshev 0 0 0 -2 0 1 1 0 0 0 0/0 7:13 0:00 0:00
Anthony Cirelli 0 0 0 -1 0 1 0 1 0 0 0/2 15:22 0:00 0:00
Brendan Guhle 0 0 0 -1 0 0 1 0 0 0 0/0 19:51 1:27 2:40
Brock Boeser 0 3 3 1 0 4 2 0 1 0 0/4 21:55 1:52 3:04
Charles-Olivier Roussel 0 0 0 0 0 0 0 0 0 0 0/0 0:35 0:00 0:35
Christoffer Ehn 1 0 1 0 0 2 2 0 0 2 19/31 21:28 1:51 3:15
Connor Bunnaman 0 0 0 -2 0 1 0 0 0 0 3/3 7:13 0:00 0:00
Dalton Smith 1 2 3 4 0 6 1 0 1 0 0/0 11:17 0:00 0:00
Dylan Strome 0 0 0 -1 2 3 3 0 0 0 1/9 16:37 0:00 0:59
Jacob Larsson 0 0 0 -1 0 0 0 0 0 1 0/0 14:50 0:00 0:35
Jared Staal 1 0 1 4 0 1 3 0 0 0 0/0 12:40 0:00 0:00
Jayson Megna 1 2 3 4 0 3 0 0 0 1 4/9 14:15 1:52 1:23
Jeremy Lauzon 0 1 1 -1 0 0 0 1 1 0 0/0 18:59 1:27 1:16
Jordan Oesterle 0 2 2 4 2 3 4 0 0 1 0/0 25:18 2:16 2:11
Matt Roy 0 0 0 -1 0 1 0 0 0 1 0/0 14:15 0:00 0:00
Max McCormick 0 0 0 0 0 0 0 0 0 0 0/0 0:00 0:00 0:00
Michael Downing 0 0 0 0 0 0 0 0 0 0 0/0 0:00 0:00 0:00
Michael Ferland 0 0 0 -1 4 2 4 0 1 1 0/0 15:53 1:50 0:00
Mitch Callahan 0 0 0 -2 0 2 1 0 0 0 0/0 9:04 1:51 0:00
Noah Hanifin 1 0 1 4 0 2 1 1 1 1 0/0 26:11 2:16 3:35
Roman Josi 0 0 0 0 0 0 0 0 0 0 0/0 0:00 0:00 0:00
Sean Walker 0 0 0 0 0 0 0 0 0 0 0/0 0:00 0:00 0:00
Teemu Hartikainen 1 1 2 1 0 3 2 0 0 0 1/3 20:11 1:52 1:25
Wiley Sherman 0 0 0 0 0 0 0 0 0 0 0/0 0:00 0:00 0:00
3 Stars
1 - Dalton Smith (Syr)
2 - Jayson Megna (Syr)
3 - Daniel O'regan (Tex)
Power Play
Little Stars - 1 on 4 Attempt(s) - 25.00%
Crunch - 1 on 3 Attempt(s) - 33.33%
Penalty Kill
Little Stars - 2 on 3 Attempt(s) - 66.67%
- Score 0 goal in Penalty Kill
Crunch - 3 on 4 Attempt(s) - 75.00%
- Score 1 goal in Penalty Kill
Team Stat
Little Stars - Hits : 16 - Faceoff Wins : 33 - Blocked Shots : 6 - Penalty Minutes : 6
Crunch - Hits : 25 - Faceoff Wins : 28 - Blocked Shots : 3 - Penalty Minutes : 8
Official
Referees : Wes McCauley and Justin St. Pierre
Linesman : Derek Amell and Andrew Smith
Game Notes
Daniel O'regan has scored a Hat Trick!
Finance
Level 1 -- Attendance: 1797 (89.85%) -- Ticket Income $62,895
Level 2 -- Attendance: 940 (94.00%) -- Ticket Income $14,100
Total Attendance: 2737 (91.23%)
Total Ticket Income: $76,995
Other Income: $3,850
Total Income: $80,845
Little Stars
5 vs 5 Forward
Center Left Wing Right Wing Time % Phy DF OF
1 Daniel O'regan Jordan LaVallee Ilya Mikheyev 40 1 2 2
2 Henrik Borgstrom Joakim Nygard Sebastian Wannstrom 30 1 2 2
3 Jason Dickinson Adam Tambellini Zach Budish 20 1 2 2
4 Roman Horak Michael Mersch Daniil Tarasov 10 1 2 2
5 vs 5 Defense
Defense Defense Time % Phy DF OF
1 Tyler Wotherspoon Anton Cederholm 40 1 2 2
2 Reece Willcox Tucker Poolman 30 1 2 2
3 Ville Pokka Frederic Allard 20 1 2 2
4 Lawrence Pilut Tyler Wotherspoon 10 1 2 2
PowerPlay Forward
Center Left Wing Right Wing Time % Phy DF OF
1 Daniel O'regan Jordan LaVallee Ilya Mikheyev 60 1 2 2
2 Henrik Borgstrom Joakim Nygard Sebastian Wannstrom 40 1 2 2
PowerPlay Defense
Defense Defense Time % Phy DF OF
1 Tyler Wotherspoon Anton Cederholm 60 1 2 2
2 Reece Willcox Tucker Poolman 40 1 2 2
Penalty Kill 4 Players Forward
Center Wing Time % Phy DF OF
1 Jordan LaVallee Ilya Mikheyev 60 1 2 2
2 Joakim Nygard Daniel O'regan 40 1 2 2
Penalty Kill 4 Players Defense
Defense Defense Time % Phy DF OF
1 Tyler Wotherspoon Anton Cederholm 60 1 2 2
2 Reece Willcox Tucker Poolman 40 1 2 2
Penalty Kill - 3 Players Forward
Forward Time % Phy DF OF
1 Jordan LaVallee 60 1 2 2
2 Ilya Mikheyev 40 1 2 2
Penalty Kill - 3 Players Defense
Defense Defense Time % Phy DF OF
1 Tyler Wotherspoon Anton Cederholm 60 1 2 2
2 Reece Willcox Tucker Poolman 40 1 2 2
4 vs 4 Forward
Center Wing Time % Phy DF OF
1 Jordan LaVallee Ilya Mikheyev 60 1 2 2
2 Joakim Nygard Daniel O'regan 40 1 2 2
4 vs 4 Defense
Defense Defense Time % Phy DF OF
1 Tyler Wotherspoon Anton Cederholm 60 1 2 2
2 Reece Willcox Tucker Poolman 40 1 2 2
Last Minutes Offensive
Center Left Wing Right Wing Defense Defense
Daniel O'regan Jordan LaVallee Ilya Mikheyev Tyler Wotherspoon Anton Cederholm
Last Minutes Defensive
Center Left Wing Right Wing Defense Defense
Daniel O'regan Jordan LaVallee Ilya Mikheyev Tyler Wotherspoon Anton Cederholm
Goaltenders
Starting : Dustin Tokarski
Backup : Connor Knapp
Extra Forwards
Normal : Emile Poirier, Shane Gersich, Matt Luff - PP : Emile Poirier, Shane Gersich - PK : Matt Luff
Extra Defensemen
Normal : Ville Pokka, Frederic Allard, Lawrence Pilut - PP : Ville Pokka - PK : Frederic Allard, Lawrence Pilut
Penalty Shots
Jordan LaVallee, Ilya Mikheyev, Joakim Nygard, Daniel O'regan, Adam Tambellini
Scratches
Eric Knodel (Left Leg Injury), Jean-Christophe Beaudin (Healthy), Rudolfs Balcers (Healthy), Yakov Trenin (Healthy), Joey Anderson (Healthy)
Givani Smith (Healthy)
Crunch
5 vs 5 Forward
Center Left Wing Right Wing Time % Phy DF OF
1 Christoffer Ehn Teemu Hartikainen Brock Boeser 40 1 2 2
2 Dylan Strome Michael Ferland Anthony Cirelli 30 1 2 2
3 Jayson Megna Dalton Smith Jared Staal 20 1 2 2
4 Connor Bunnaman Anatoli Golyshev Mitch Callahan 10 1 2 2
5 vs 5 Defense
Defense Defense Time % Phy DF OF
1 Jordan Oesterle Noah Hanifin 40 1 2 2
2 Brendan Guhle Jeremy Lauzon 30 1 2 2
3 Matt Roy Jacob Larsson 20 1 2 2
4 Jordan Oesterle Noah Hanifin 10 1 2 2
PowerPlay Forward
Center Left Wing Right Wing Time % Phy DF OF
1 Jayson Megna Teemu Hartikainen Brock Boeser 60 1 2 2
2 Christoffer Ehn Michael Ferland Mitch Callahan 40 1 2 2
PowerPlay Defense
Defense Defense Time % Phy DF OF
1 Jordan Oesterle Noah Hanifin 60 1 2 2
2 Brendan Guhle Jeremy Lauzon 40 1 2 2
Penalty Kill 4 Players Forward
Center Wing Time % Phy DF OF
1 Christoffer Ehn Brock Boeser 60 1 2 2
2 Jayson Megna Teemu Hartikainen 40 1 2 2
Penalty Kill 4 Players Defense
Defense Defense Time % Phy DF OF
1 Jordan Oesterle Noah Hanifin 60 1 2 2
2 Brendan Guhle Jeremy Lauzon 40 1 2 2
Penalty Kill - 3 Players Forward
Forward Time % Phy DF OF
1 Christoffer Ehn 60 1 2 2
2 Jayson Megna 40 1 2 2
Penalty Kill - 3 Players Defense
Defense Defense Time % Phy DF OF
1 Jordan Oesterle Noah Hanifin 60 1 2 2
2 Brendan Guhle Jeremy Lauzon 40 1 2 2
4 vs 4 Forward
Center Wing Time % Phy DF OF
1 Teemu Hartikainen Brock Boeser 60 1 2 2
2 Christoffer Ehn Anthony Cirelli 40 1 2 2
4 vs 4 Defense
Defense Defense Time % Phy DF OF
1 Jordan Oesterle Noah Hanifin 60 1 2 2
2 Brendan Guhle Jeremy Lauzon 40 1 2 2
Last Minutes Offensive
Center Left Wing Right Wing Defense Defense
Jayson Megna Teemu Hartikainen Brock Boeser Jordan Oesterle Noah Hanifin
Last Minutes Defensive
Center Left Wing Right Wing Defense Defense
Jayson Megna Teemu Hartikainen Brock Boeser Jordan Oesterle Noah Hanifin
Goaltenders
Starting : Josef Korenar
Backup : Kaapo Kahkonen
Extra Forwards
Normal : Jared Staal, Dalton Smith, Dylan Strome - PP : Jared Staal, Dalton Smith - PK : Dylan Strome
Extra Defensemen
Normal : Jeremy Lauzon, Brendan Guhle, Jacob Larsson - PP : Jacob Larsson - PK : Brendan Guhle, Jacob Larsson
Penalty Shots
Teemu Hartikainen, Jayson Megna, Brock Boeser, Christoffer Ehn, Michael Ferland
Scratches
Kyle Capobianco (Healthy)
% Time on Ice - Little Stars
Lines # - Real PCT - Wanted PCT - Time Play
Normal Forward
1 - 33% - 40% - 16:29
2 - 28% - 30% - 14:12
3 - 25% - 20% - 12:21
4 - 14% - 10% - 7:12
Normal Defense
1 - 38% - 40% - 19:10
2 - 30% - 30% - 15:06
3 - 22% - 20% - 11:13
4 - 9% - 10% - 4:45
PP Forward
1 - 62% - 60% - 3:22
2 - 38% - 40% - 2:04
PP Defense
1 - 62% - 60% - 3:21
2 - 38% - 40% - 2:05
PK Forward
1 - 85% - 60% - 3:09
2 - 15% - 40% - 0:34
PK Defense
1 - 51% - 60% - 1:53
2 - 49% - 40% - 1:50
PK3 Forward
1 - 0% - 60%
2 - 0% - 40%
PK3 Defense
1 - 0% - 60%
2 - 0% - 40%
44 Forward
1 - 100% - 60% - 0:37
2 - 0% - 40% - 0:00
44 Defense
1 - 100% - 60% - 0:37
2 - 0% - 40% - 0:00
Last Minute Offensive - 0:00
Last Minute Defensive - 0:00
Total
Forward - 60:00
Defense - 60:00
|
% Time on Ice - Crunch
Lines # - Real PCT - Wanted PCT - Time Play
Normal Forward
1 - 33% - 40% - 16:39
2 - 31% - 30% - 15:22
3 - 22% - 20% - 11:00
4 - 14% - 10% - 7:13
Normal Defense
1 - 37% - 40% - 18:48
2 - 31% - 30% - 15:44
3 - 28% - 20% - 14:15
4 - 3% - 10% - 1:27
PP Forward
1 - 50% - 60% - 1:52
2 - 50% - 40% - 1:51
PP Defense
1 - 61% - 60% - 2:16
2 - 39% - 40% - 1:27
PK Forward
1 - 75% - 60% - 4:03
2 - 25% - 40% - 1:23
PK Defense
1 - 77% - 60% - 4:10
2 - 23% - 40% - 1:16
PK3 Forward
1 - 0% - 60%
2 - 0% - 40%
PK3 Defense
1 - 0% - 60%
2 - 0% - 40%
44 Forward
1 - 100% - 60% - 0:37
2 - 0% - 40% - 0:00
44 Defense
1 - 100% - 60% - 0:37
2 - 0% - 40% - 0:00
Last Minute Offensive - 0:00
Last Minute Defensive - 0:00
Total
Forward - 60:00
Defense - 60:00
|
Play-by-Play
1st period
0:01 of 1st period - Christoffer Ehn wins face-off versus Daniel O'regan in neutral zone.
0:49 of 1st period - Wrist shot by Adam Tambellini.
0:49 of 1st period - Stopped by Josef Korenar without a rebound.
0:50 of 1st period - Jason Dickinson wins face-off versus Jayson Megna in Crunch zone.
1:03 of 1st period - Snap shot by Jayson Megna.
1:03 of 1st period - Shot Blocked by Jason Dickinson.
1:25 of 1st period - Off-side.
1:26 of 1st period - Christoffer Ehn wins face-off versus Ilya Mikheyev in neutral zone.
1:33 of 1st period - Snap shot by Teemu Hartikainen.
1:33 of 1st period - Shot Misses the Net.
2:18 of 1st period - Wrist shot by Joakim Nygard.
2:18 of 1st period - Shot Misses the Net.
2:38 of 1st period - Wrist shot by Brock Boeser.
2:38 of 1st period - Stopped by Dustin Tokarski with a rebound.
3:20 of 1st period - Joakim Nygard is hit by Dylan Strome and loses puck.
3:35 of 1st period - Christoffer Ehn is hit by Roman Horak and loses puck.
3:42 of 1st period - Slapshot by Jordan Oesterle.
3:42 of 1st period - Stopped by Dustin Tokarski with a rebound.
4:02 of 1st period - Jeremy Lauzon is hit by Anton Cederholm.
4:52 of 1st period - Snap shot by Ilya Mikheyev.
4:52 of 1st period - Deflect By Daniel O'regan.
4:52 of 1st period - Shot Misses the Net.
4:52 of 1st period - Puck is out of play.
4:53 of 1st period - Christoffer Ehn wins face-off versus Henrik Borgstrom in Crunch zone.
4:53 of 1st period - Christoffer Ehn is hit by Sebastian Wannstrom.
5:15 of 1st period - Minor Penalty to Tucker Poolman for Holding Stick.
5:16 of 1st period - Jayson Megna wins face-off versus Jordan LaVallee in Little Stars zone.
5:33 of 1st period - Wrist shot by Brock Boeser.
5:33 of 1st period - Shot Blocked by Ilya Mikheyev.
5:35 of 1st period - Slapshot by Jordan Oesterle.
5:35 of 1st period - Stopped by Dustin Tokarski with a rebound.
5:37 of 1st period - Snap shot by Christoffer Ehn.
5:37 of 1st period - Goal by Christoffer Ehn - Little Stars : 0 - Crunch : 1.
5:38 of 1st period - Christoffer Ehn wins face-off versus Henrik Borgstrom in neutral zone.
5:41 of 1st period - Tyler Wotherspoon is hit by Brock Boeser and loses puck.
6:14 of 1st period - Snap shot by Henrik Borgstrom.
6:14 of 1st period - Shot Misses the Net.
6:16 of 1st period - Slapshot by Anton Cederholm.
6:16 of 1st period - Shot Misses the Net.
6:18 of 1st period - Slapshot by Tyler Wotherspoon.
6:18 of 1st period - Shot Blocked by Jeremy Lauzon.
6:20 of 1st period - Snap shot by Tyler Wotherspoon.
6:20 of 1st period - Stopped by Josef Korenar without a rebound.
6:21 of 1st period - Daniel O'regan wins face-off versus Christoffer Ehn in Crunch zone.
6:48 of 1st period - Adam Tambellini is hit by Michael Ferland and loses puck.
7:13 of 1st period - Ville Pokka is hit by Jared Staal.
7:29 of 1st period - Wrist shot by Dalton Smith.
7:29 of 1st period - Deflect By Ilya Mikheyev.
7:29 of 1st period - Stopped by Dustin Tokarski without a rebound.
7:30 of 1st period - Connor Bunnaman wins face-off versus Daniel O'regan in Little Stars zone.
7:33 of 1st period - Wrist shot by Mitch Callahan.
7:33 of 1st period - Stopped by Dustin Tokarski without a rebound.
7:34 of 1st period - Connor Bunnaman wins face-off versus Daniel O'regan in Little Stars zone.
9:12 of 1st period - Snap shot by Daniel O'regan.
9:12 of 1st period - Goal by Daniel O'regan - Little Stars : 1 - Crunch : 1.
9:13 of 1st period - Ilya Mikheyev wins face-off versus Brock Boeser in neutral zone.
9:47 of 1st period - Snap shot by Sebastian Wannstrom.
9:47 of 1st period - Shot Misses the Net.
10:19 of 1st period - Anatoli Golyshev is hit by Ville Pokka and loses puck.
11:01 of 1st period - Backhand shot by Daniel O'regan.
11:01 of 1st period - Shot Misses the Net.
11:03 of 1st period - Wrist shot by Henrik Borgstrom.
11:03 of 1st period - Stopped by Josef Korenar with a rebound.
11:05 of 1st period - Wrist shot by Henrik Borgstrom.
11:05 of 1st period - Shot Misses the Net.
11:07 of 1st period - Wrist shot by Sebastian Wannstrom.
11:07 of 1st period - Shot Misses the Net.
11:09 of 1st period - Slapshot by Frederic Allard.
11:09 of 1st period - Shot Misses the Net.
11:45 of 1st period - Roman Horak is hit by Anatoli Golyshev and loses puck.
12:01 of 1st period - Tucker Poolman is hit by Teemu Hartikainen and loses puck.
12:20 of 1st period - Reece Willcox is hit by Michael Ferland and loses puck.
12:45 of 1st period - Wrist shot by Jason Dickinson.
12:45 of 1st period - Deflect By Adam Tambellini.
12:45 of 1st period - Stopped by Josef Korenar with a rebound.
12:55 of 1st period - Wrist shot by Jayson Megna.
12:55 of 1st period - Deflect By Dalton Smith.
12:55 of 1st period - Shot Hit the Post.
12:55 of 1st period - Puck is out of play.
12:56 of 1st period - Christoffer Ehn wins face-off versus Daniel O'regan in Little Stars zone.
13:07 of 1st period - Backhand shot by Jordan LaVallee.
13:07 of 1st period - Deflect By Daniel O'regan.
13:07 of 1st period - Stopped by Josef Korenar with a rebound.
13:09 of 1st period - Slapshot by Anton Cederholm.
13:09 of 1st period - Stopped by Josef Korenar without a rebound.
13:10 of 1st period - Henrik Borgstrom wins face-off versus Christoffer Ehn in Crunch zone.
13:17 of 1st period - Wrist shot by Joakim Nygard.
13:17 of 1st period - Stopped by Josef Korenar with a rebound.
14:02 of 1st period - Icing by Dalton Smith.
14:03 of 1st period - Henrik Borgstrom wins face-off versus Jayson Megna in Crunch zone.
14:08 of 1st period - Snap shot by Sebastian Wannstrom.
14:08 of 1st period - Stopped by Josef Korenar with a rebound.
14:16 of 1st period - Snap shot by Henrik Borgstrom.
14:16 of 1st period - Shot Misses the Net.
14:22 of 1st period - Reece Willcox is hit by Jared Staal and loses puck.
14:29 of 1st period - Slapshot by Dalton Smith.
14:29 of 1st period - Stopped by Dustin Tokarski with a rebound.
14:38 of 1st period - Minor Penalty to Sebastian Wannstrom for Holding.
14:39 of 1st period - Christoffer Ehn wins face-off versus Jordan LaVallee in Little Stars zone.
14:41 of 1st period - Wrist shot by Michael Ferland.
14:41 of 1st period - Stopped by Dustin Tokarski without a rebound.
14:42 of 1st period - Christoffer Ehn wins face-off versus Jordan LaVallee in Little Stars zone.
14:58 of 1st period - Snap shot by Christoffer Ehn.
14:58 of 1st period - Shot Misses the Net.
16:38 of 1st period - Penalty to Sebastian Wannstrom is over, Sebastian Wannstrom is back on ice.
16:39 of 1st period - Off-side.
16:40 of 1st period - Henrik Borgstrom wins face-off versus Dylan Strome in neutral zone.
17:07 of 1st period - Anthony Cirelli is hit by Frederic Allard and loses puck.
17:16 of 1st period - Snap shot by Michael Mersch.
17:16 of 1st period - Shot Misses the Net.
17:18 of 1st period - Snap shot by Roman Horak.
17:18 of 1st period - Deflect By Michael Mersch.
17:18 of 1st period - Stopped by Josef Korenar with a rebound.
18:32 of 1st period - Icing by Christoffer Ehn.
18:33 of 1st period - Christoffer Ehn wins face-off versus Daniel O'regan in Crunch zone.
19:04 of 1st period - Wrist shot by Zach Budish.
19:04 of 1st period - Deflect By Adam Tambellini.
19:04 of 1st period - Shot Misses the Net.
19:04 of 1st period - Puck is out of play.
19:05 of 1st period - Connor Bunnaman wins face-off versus Jason Dickinson in Crunch zone.
19:20 of 1st period - Frederic Allard is hit by Jordan Oesterle and loses puck.
19:51 of 1st period - Slapshot by Joakim Nygard.
19:51 of 1st period - Goal by Joakim Nygard - Little Stars : 2 - Crunch : 1.
19:52 of 1st period - Daniel O'regan wins face-off versus Christoffer Ehn in neutral zone.
Goals for this period are 2 for Little Stars vs 1 for Crunch.
Shots for this period are 11 for Little Stars vs 8 for Crunch.
2nd period
0:01 of 2nd period - Daniel O'regan wins face-off versus Christoffer Ehn in neutral zone.
0:04 of 2nd period - Teemu Hartikainen is hit by Daniel O'regan and loses puck.
0:36 of 2nd period - Joakim Nygard is hit by Michael Ferland and loses puck.
0:59 of 2nd period - Wrist shot by Adam Tambellini.
0:59 of 2nd period - Shot Misses the Net.
1:16 of 2nd period - Wrist shot by Michael Mersch.
1:16 of 2nd period - Stopped by Josef Korenar without a rebound.
1:17 of 2nd period - Christoffer Ehn wins face-off versus Ilya Mikheyev in Crunch zone.
1:17 of 2nd period - Christoffer Ehn is hit by Jordan LaVallee.
1:44 of 2nd period - Off-side.
1:45 of 2nd period - Henrik Borgstrom wins face-off versus Dylan Strome in neutral zone.
1:54 of 2nd period - Joakim Nygard is hit by Brendan Guhle and loses puck.
2:37 of 2nd period - Snap shot by Noah Hanifin.
2:37 of 2nd period - Goal by Noah Hanifin - Little Stars : 2 - Crunch : 2.
2:38 of 2nd period - Daniel O'regan wins face-off versus Christoffer Ehn in neutral zone.
2:47 of 2nd period - Wrist shot by Jordan LaVallee.
2:47 of 2nd period - Shot Misses the Net.
2:49 of 2nd period - Wrist shot by Tucker Poolman.
2:49 of 2nd period - Stopped by Josef Korenar with a rebound.
2:51 of 2nd period - Slapshot by Reece Willcox.
2:51 of 2nd period - Stopped by Josef Korenar with a rebound.
2:53 of 2nd period - Slapshot by Tucker Poolman.
2:53 of 2nd period - Stopped by Josef Korenar without a rebound.
2:54 of 2nd period - Henrik Borgstrom wins face-off versus Dylan Strome in Crunch zone.
2:57 of 2nd period - Wrist shot by Henrik Borgstrom.
2:57 of 2nd period - Shot Misses the Net.
2:59 of 2nd period - Slapshot by Anton Cederholm.
2:59 of 2nd period - Stopped by Josef Korenar with a rebound.
3:01 of 2nd period - Snap shot by Sebastian Wannstrom.
3:01 of 2nd period - Stopped by Josef Korenar with a rebound.
3:03 of 2nd period - Slapshot by Anton Cederholm.
3:03 of 2nd period - Stopped by Josef Korenar with a rebound.
3:08 of 2nd period - Minor Penalty to Jordan Oesterle for Goalie Interference.
3:09 of 2nd period - Daniel O'regan wins face-off versus Brock Boeser in Crunch zone.
3:21 of 2nd period - Snap shot by Ilya Mikheyev.
3:21 of 2nd period - Stopped by Josef Korenar without a rebound.
3:22 of 2nd period - Christoffer Ehn wins face-off versus Daniel O'regan in Crunch zone.
4:35 of 2nd period - Daniel O'regan is hit by Christoffer Ehn and loses puck.
4:46 of 2nd period - Noah Hanifin is hit by Henrik Borgstrom and loses puck.
5:08 of 2nd period - Penalty to Jordan Oesterle is over, Jordan Oesterle is back on ice.
5:46 of 2nd period - Snap shot by Daniil Tarasov.
5:46 of 2nd period - Stopped by Josef Korenar with a rebound.
5:48 of 2nd period - Snap shot by Roman Horak.
5:48 of 2nd period - Shot Misses the Net.
5:50 of 2nd period - Wrist shot by Frederic Allard.
5:50 of 2nd period - Stopped by Josef Korenar with a rebound.
5:52 of 2nd period - Slapshot by Frederic Allard.
5:52 of 2nd period - Deflect By Michael Mersch.
5:52 of 2nd period - Shot Misses the Net.
5:52 of 2nd period - Puck is out of play.
5:53 of 2nd period - Dylan Strome wins face-off versus Jason Dickinson in Crunch zone.
6:00 of 2nd period - Wrist shot by Dylan Strome.
6:00 of 2nd period - Stopped by Dustin Tokarski without a rebound.
6:01 of 2nd period - Jason Dickinson wins face-off versus Dylan Strome in Little Stars zone.
6:30 of 2nd period - Wrist shot by Anthony Cirelli.
6:30 of 2nd period - Shot Misses the Net.
6:32 of 2nd period - Wrist shot by Anthony Cirelli.
6:32 of 2nd period - Shot Blocked by Jason Dickinson.
6:34 of 2nd period - Slapshot by Matt Roy.
6:34 of 2nd period - Shot Misses the Net.
6:36 of 2nd period - Backhand shot by Michael Ferland.
6:36 of 2nd period - Shot Misses the Net.
6:38 of 2nd period - Wrist shot by Michael Ferland.
6:38 of 2nd period - Deflect By Dylan Strome.
6:38 of 2nd period - Stopped by Dustin Tokarski with a rebound.
6:40 of 2nd period - Wrist shot by Anthony Cirelli.
6:40 of 2nd period - Stopped by Dustin Tokarski with a rebound.
6:48 of 2nd period - Wrist shot by Dylan Strome.
6:48 of 2nd period - Stopped by Dustin Tokarski with a rebound.
6:56 of 2nd period - Wrist shot by Zach Budish.
6:56 of 2nd period - Stopped by Josef Korenar without a rebound.
6:57 of 2nd period - Christoffer Ehn wins face-off versus Daniel O'regan in Crunch zone.
7:02 of 2nd period - Jordan LaVallee is hit by Jordan Oesterle and loses puck.
7:12 of 2nd period - Wrist shot by Ilya Mikheyev.
7:12 of 2nd period - Stopped by Josef Korenar with a rebound.
8:16 of 2nd period - Icing by Tyler Wotherspoon.
8:17 of 2nd period - Jayson Megna wins face-off versus Jordan LaVallee in Little Stars zone.
8:49 of 2nd period - Snap shot by Dylan Strome.
8:49 of 2nd period - Shot Misses the Net.
9:08 of 2nd period - Adam Tambellini is hit by Teemu Hartikainen and loses puck.
9:27 of 2nd period - Mitch Callahan is hit by Daniil Tarasov and loses puck.
9:58 of 2nd period - Snap shot by Daniel O'regan.
9:58 of 2nd period - Goal by Daniel O'regan - Little Stars : 3 - Crunch : 2.
9:59 of 2nd period - Daniel O'regan wins face-off versus Brock Boeser in neutral zone.
10:58 of 2nd period - Reece Willcox is hit by Jared Staal and loses puck.
11:21 of 2nd period - Wrist shot by Teemu Hartikainen.
11:21 of 2nd period - Deflect By Reece Willcox.
11:21 of 2nd period - Shot Misses the Net.
11:21 of 2nd period - Puck is out of play.
11:22 of 2nd period - Henrik Borgstrom wins face-off versus Anthony Cirelli in Little Stars zone.
11:22 of 2nd period - Henrik Borgstrom is hit by Dylan Strome.
11:46 of 2nd period - Minor Penalty to Dylan Strome for Holding.
11:47 of 2nd period - Daniel O'regan wins face-off versus Christoffer Ehn in Crunch zone.
11:52 of 2nd period - Snap shot by Daniel O'regan.
11:52 of 2nd period - Goal by Daniel O'regan - Little Stars : 4 - Crunch : 2.
11:53 of 2nd period - Daniel O'regan wins face-off versus Christoffer Ehn in neutral zone.
11:55 of 2nd period - Off-side.
11:56 of 2nd period - Christoffer Ehn wins face-off versus Ilya Mikheyev in neutral zone.
12:07 of 2nd period - Snap shot by Brock Boeser.
12:07 of 2nd period - Stopped by Dustin Tokarski with a rebound.
12:27 of 2nd period - Anton Cederholm is hit by Michael Ferland and loses puck.
12:48 of 2nd period - Reece Willcox is hit by Jordan Oesterle and loses puck.
13:13 of 2nd period - Snap shot by Jordan LaVallee.
13:13 of 2nd period - Shot Misses the Net.
13:19 of 2nd period - Wrist shot by Jordan LaVallee.
13:19 of 2nd period - Shot Misses the Net.
13:41 of 2nd period - Wrist shot by Brock Boeser.
13:41 of 2nd period - Stopped by Dustin Tokarski with a rebound.
13:57 of 2nd period - Wrist shot by Michael Ferland.
13:57 of 2nd period - Shot Blocked by Frederic Allard.
14:13 of 2nd period - Jared Staal is hit by Ilya Mikheyev and loses puck.
14:34 of 2nd period - Matt Roy is hit by Zach Budish and loses puck.
14:51 of 2nd period - Connor Bunnaman is hit by Roman Horak and loses puck.
15:36 of 2nd period - Snap shot by Teemu Hartikainen.
15:36 of 2nd period - Shot Misses the Net.
15:38 of 2nd period - Wrist shot by Christoffer Ehn.
15:38 of 2nd period - Stopped by Dustin Tokarski with a rebound.
15:40 of 2nd period - Slapshot by Matt Roy.
15:40 of 2nd period - Stopped by Dustin Tokarski without a rebound.
15:41 of 2nd period - Jason Dickinson wins face-off versus Anthony Cirelli in Little Stars zone.
16:11 of 2nd period - Slapshot by Ilya Mikheyev.
16:11 of 2nd period - Deflect By Daniel O'regan.
16:11 of 2nd period - Shot Blocked by Noah Hanifin.
16:11 of 2nd period - Puck is out of play.
16:12 of 2nd period - Christoffer Ehn wins face-off versus Daniel O'regan in Crunch zone.
16:19 of 2nd period - Snap shot by Teemu Hartikainen.
16:19 of 2nd period - Shot Misses the Net.
16:26 of 2nd period - Icing by Ilya Mikheyev.
16:27 of 2nd period - Daniel O'regan wins face-off versus Christoffer Ehn in Little Stars zone.
16:54 of 2nd period - Henrik Borgstrom is hit by Dylan Strome and loses puck.
17:43 of 2nd period - Minor Penalty to Michael Ferland for Holding.
17:44 of 2nd period - Christoffer Ehn wins face-off versus Daniel O'regan in Crunch zone.
18:11 of 2nd period - Brock Boeser is hit by Anton Cederholm and loses puck.
19:15 of 2nd period - Slapshot by Teemu Hartikainen.
19:15 of 2nd period - Shot Misses the Net.
19:43 of 2nd period - Penalty to Michael Ferland is over, Michael Ferland is back on ice.
19:56 of 2nd period - Tucker Poolman is hit by Mitch Callahan.
Goals for this period are 2 for Little Stars vs 1 for Crunch.
Shots for this period are 14 for Little Stars vs 9 for Crunch.
3rd period
0:01 of 3rd period - Christoffer Ehn wins face-off versus Daniel O'regan in neutral zone.
0:28 of 3rd period - Henrik Borgstrom is hit by Jordan Oesterle and loses puck.
0:53 of 3rd period - Snap shot by Roman Horak.
0:53 of 3rd period - Stopped by Josef Korenar without a rebound.
0:54 of 3rd period - Teemu Hartikainen wins face-off versus Daniel O'regan in Crunch zone.
1:29 of 3rd period - Off-side.
1:30 of 3rd period - Daniel O'regan wins face-off versus Brock Boeser in neutral zone.
2:24 of 3rd period - Icing by Noah Hanifin.
2:25 of 3rd period - Jayson Megna wins face-off versus Daniel O'regan in Crunch zone.
2:30 of 3rd period - Reece Willcox is hit by Noah Hanifin and loses puck.
2:37 of 3rd period - Snap shot by Dalton Smith.
2:37 of 3rd period - Shot Misses the Net.
2:39 of 3rd period - Wrist shot by Dalton Smith.
2:39 of 3rd period - Deflect By Daniel O'regan.
2:39 of 3rd period - Stopped by Dustin Tokarski without a rebound.
2:40 of 3rd period - Henrik Borgstrom wins face-off versus Christoffer Ehn in Little Stars zone.
3:15 of 3rd period - Wrist shot by Jordan LaVallee.
3:15 of 3rd period - Shot Misses the Net.
3:17 of 3rd period - Snap shot by Daniel O'regan.
3:17 of 3rd period - Stopped by Josef Korenar without a rebound.
3:18 of 3rd period - Daniel O'regan wins face-off versus Dylan Strome in Crunch zone.
4:39 of 3rd period - Slapshot by Teemu Hartikainen.
4:39 of 3rd period - Shot Misses the Net.
4:41 of 3rd period - Slapshot by Jayson Megna.
4:41 of 3rd period - Stopped by Dustin Tokarski with a rebound.
4:43 of 3rd period - Backhand shot by Jared Staal.
4:43 of 3rd period - Goal by Jared Staal - Little Stars : 4 - Crunch : 3.
4:44 of 3rd period - Christoffer Ehn wins face-off versus Daniel O'regan in neutral zone.
6:21 of 3rd period - Slapshot by Ilya Mikheyev.
6:21 of 3rd period - Stopped by Josef Korenar with a rebound.
6:30 of 3rd period - Jeremy Lauzon is hit by Sebastian Wannstrom and loses puck.
6:33 of 3rd period - Snap shot by Dalton Smith.
6:33 of 3rd period - Goal by Dalton Smith - Little Stars : 4 - Crunch : 4.
6:34 of 3rd period - Daniel O'regan wins face-off versus Dylan Strome in neutral zone.
6:55 of 3rd period - Minor Penalty to Ilya Mikheyev for Slashing.
6:56 of 3rd period - Jayson Megna wins face-off versus Jordan LaVallee in Little Stars zone.
6:57 of 3rd period - Snap shot by Brock Boeser.
6:57 of 3rd period - Stopped by Dustin Tokarski without a rebound.
6:58 of 3rd period - Jordan LaVallee wins face-off versus Jayson Megna in Little Stars zone.
7:13 of 3rd period - Snap shot by Teemu Hartikainen.
7:13 of 3rd period - Shot Misses the Net.
7:27 of 3rd period - Snap shot by Teemu Hartikainen.
7:27 of 3rd period - Stopped by Dustin Tokarski with a rebound.
7:39 of 3rd period - Snap shot by Jayson Megna.
7:39 of 3rd period - Stopped by Dustin Tokarski without a rebound.
7:40 of 3rd period - Christoffer Ehn wins face-off versus Daniel O'regan in Little Stars zone.
8:17 of 3rd period - Minor Penalty to Michael Ferland for Slashing.
8:18 of 3rd period - Jordan LaVallee wins face-off versus Teemu Hartikainen in Crunch zone.
8:19 of 3rd period - Wrist shot by Tyler Wotherspoon.
8:19 of 3rd period - Stopped by Josef Korenar with a rebound.
8:28 of 3rd period - Icing by Teemu Hartikainen.
8:29 of 3rd period - Jordan LaVallee wins face-off versus Teemu Hartikainen in Crunch zone.
8:40 of 3rd period - Wrist shot by Teemu Hartikainen.
8:40 of 3rd period - Stopped by Dustin Tokarski with a rebound.
8:42 of 3rd period - Slapshot by Jordan Oesterle.
8:42 of 3rd period - Deflect By Anton Cederholm.
8:42 of 3rd period - Stopped by Dustin Tokarski with a rebound.
8:44 of 3rd period - Slapshot by Jordan Oesterle.
8:44 of 3rd period - Shot Misses the Net.
8:46 of 3rd period - Slapshot by Jordan Oesterle.
8:46 of 3rd period - Shot Misses the Net.
8:54 of 3rd period - Slapshot by Brock Boeser.
8:54 of 3rd period - Shot Blocked by Jordan LaVallee.
8:55 of 3rd period - Penalty to Ilya Mikheyev is over, Ilya Mikheyev is back on ice.
8:56 of 3rd period - Snap shot by Teemu Hartikainen.
8:56 of 3rd period - Goal by Teemu Hartikainen - Little Stars : 4 - Crunch : 5.
8:57 of 3rd period - Ilya Mikheyev wins face-off versus Christoffer Ehn in neutral zone.
8:59 of 3rd period - Off-side.
9:00 of 3rd period - Daniel O'regan wins face-off versus Christoffer Ehn in neutral zone.
9:07 of 3rd period - Backhand shot by Daniel O'regan.
9:07 of 3rd period - Shot Misses the Net.
9:09 of 3rd period - Slapshot by Anton Cederholm.
9:09 of 3rd period - Stopped by Josef Korenar without a rebound.
9:10 of 3rd period - Christoffer Ehn wins face-off versus Daniel O'regan in Crunch zone.
9:35 of 3rd period - Henrik Borgstrom is hit by Brock Boeser and loses puck.
9:44 of 3rd period - Slapshot by Tyler Wotherspoon.
9:44 of 3rd period - Shot Misses the Net.
9:46 of 3rd period - Snap shot by Anton Cederholm.
9:46 of 3rd period - Stopped by Josef Korenar without a rebound.
9:47 of 3rd period - Daniel O'regan wins face-off versus Jayson Megna in Crunch zone.
10:17 of 3rd period - Penalty to Michael Ferland is over, Michael Ferland is back on ice.
11:23 of 3rd period - Wrist shot by Michael Ferland.
11:23 of 3rd period - Stopped by Dustin Tokarski without a rebound.
11:24 of 3rd period - Daniel O'regan wins face-off versus Dylan Strome in Little Stars zone.
11:43 of 3rd period - Snap shot by Jordan LaVallee.
11:43 of 3rd period - Shot Misses the Net.
11:45 of 3rd period - Slapshot by Ilya Mikheyev.
11:45 of 3rd period - Shot Misses the Net.
11:47 of 3rd period - Slapshot by Daniel O'regan.
11:47 of 3rd period - Shot Misses the Net.
11:49 of 3rd period - Slapshot by Ville Pokka.
11:49 of 3rd period - Shot Blocked by Anthony Cirelli.
11:55 of 3rd period - Wrist shot by Ilya Mikheyev.
11:55 of 3rd period - Stopped by Josef Korenar without a rebound.
11:56 of 3rd period - Henrik Borgstrom wins face-off versus Christoffer Ehn in Crunch zone.
12:05 of 3rd period - Wrist shot by Sebastian Wannstrom.
12:05 of 3rd period - Shot Misses the Net.
12:11 of 3rd period - Joakim Nygard is hit by Christoffer Ehn and loses puck.
12:24 of 3rd period - Icing by Tyler Wotherspoon.
12:25 of 3rd period - Jason Dickinson wins face-off versus Jayson Megna in Little Stars zone.
12:46 of 3rd period - Jason Dickinson is hit by Dalton Smith and loses puck.
12:53 of 3rd period - Wrist shot by Dalton Smith.
12:53 of 3rd period - Stopped by Dustin Tokarski with a rebound.
12:55 of 3rd period - Snap shot by Jayson Megna.
12:55 of 3rd period - Goal by Jayson Megna - Little Stars : 4 - Crunch : 6.
12:56 of 3rd period - Christoffer Ehn wins face-off versus Daniel O'regan in neutral zone.
13:23 of 3rd period - Dylan Strome is hit by Joakim Nygard and loses puck.
14:45 of 3rd period - Snap shot by Anatoli Golyshev.
14:45 of 3rd period - Shot Misses the Net.
14:47 of 3rd period - Slapshot by Mitch Callahan.
14:47 of 3rd period - Stopped by Dustin Tokarski with a rebound.
14:49 of 3rd period - Snap shot by Anatoli Golyshev.
14:49 of 3rd period - Stopped by Dustin Tokarski with a rebound.
14:51 of 3rd period - Slapshot by Noah Hanifin.
14:51 of 3rd period - Stopped by Dustin Tokarski with a rebound.
14:53 of 3rd period - Snap shot by Connor Bunnaman.
14:53 of 3rd period - Stopped by Dustin Tokarski with a rebound.
14:55 of 3rd period - Snap shot by Connor Bunnaman.
14:55 of 3rd period - Shot Blocked by Frederic Allard.
15:15 of 3rd period - Snap shot by Dalton Smith.
15:15 of 3rd period - Stopped by Dustin Tokarski with a rebound.
15:17 of 3rd period - Wrist shot by Jayson Megna.
15:17 of 3rd period - Shot Misses the Net.
15:37 of 3rd period - Wrist shot by Daniel O'regan.
15:37 of 3rd period - Stopped by Josef Korenar with a rebound.
15:39 of 3rd period - Slapshot by Daniel O'regan.
15:39 of 3rd period - Shot Misses the Net.
16:25 of 3rd period - Snap shot by Joakim Nygard.
16:25 of 3rd period - Shot Misses the Net.
16:31 of 3rd period - Snap shot by Sebastian Wannstrom.
16:31 of 3rd period - Stopped by Josef Korenar with a rebound.
16:49 of 3rd period - Slapshot by Ilya Mikheyev.
16:49 of 3rd period - Shot Misses the Net.
17:03 of 3rd period - Dylan Strome is hit by Reece Willcox and loses puck.
17:08 of 3rd period - Snap shot by Jason Dickinson.
17:08 of 3rd period - Shot Misses the Net.
17:10 of 3rd period - Slapshot by Tyler Wotherspoon.
17:10 of 3rd period - Stopped by Josef Korenar with a rebound.
18:24 of 3rd period - Slapshot by Anton Cederholm.
18:24 of 3rd period - Stopped by Josef Korenar with a rebound.
18:47 of 3rd period - Icing by Lawrence Pilut.
18:48 of 3rd period - Henrik Borgstrom wins face-off versus Dylan Strome in Little Stars zone.
Goals for this period are 0 for Little Stars vs 4 for Crunch.
Shots for this period are 11 for Little Stars vs 18 for Crunch.